 Dungeon Crawl Stone Soup version 0.28.0-47-ge53b351184 (webtiles) character file.

Game seed: 2654182303163671067

5248 pkoi the Grappler (level 10, -4/83 (84) HPs)
             Began as a Demigod Gladiator on May 10, 2022.
             Slain by a manticore (11 damage)
             ... on level 8 of the Dungeon.
             The game lasted 00:18:51 (15540 turns).

pkoi the Grappler (Demigod Gladiator)              Turns: 15540, Time: 00:18:51

HP:   -4/83 (84)    AC: 15    Str: 19    XL:     10   Next: 14%
MP:   15/15         EV: 13    Int: 18    God:
Gold: 504           SH:  0    Dex: 15    Spells: 10/11 levels left

rFire   . . .      SeeInvis .     - Unarmed
rCold   . . .      Faith    .   (no shield)
rNeg    . . .      Spirit   .   s - +0 chain mail
rPois   .          Reflect  .   b - +1 helmet
rElec   .          Harm     .   F - +0 cloak
rCorr   .          Rampage  .   (no gloves)
Will    +....                   A - +0 pair of boots
Stlth   ..........              (no amulet)
HPRegen 0.23/turn               k - +4 ring of evasion
MPRegen 0.14/turn               o - ring of flight

@: spiked, flying, lightly drained
A: high MP 1, forlorn, divine attributes
a: no special abilities


You were on level 8 of the Dungeon.
You visited 1 branch of the dungeon, and saw 8 of its levels.
You also visited: Ossuary.

You collected 504 gold pieces.

Inventory:

Hand Weapons
 g - a +2 trident of venom
 n - a +4 dagger of protection
 x - a +4 halberd
 D - a +2 short sword of electrocution
Missiles
 c - 3 throwing nets (quivered)
 d - 4 poisoned darts
 j - 69 stones
 y - 2 curare-tipped darts
Armour
 b - a +1 helmet (worn)
 s - a +0 chain mail (worn)
 A - a +0 pair of boots (worn)
 F - a +0 cloak (worn)
 H - a +1 robe of willpower
Jewellery
 k - a +4 ring of evasion (left hand)
 o - a ring of flight (right hand)
Wands
 t - a wand of polymorph (4)
 u - a wand of iceblast (7)
 v - a wand of digging (5)
 w - a wand of flame (15)
 B - a wand of acid (6)
Scrolls
 a - 2 scrolls of identify
 e - a scroll of acquirement
 i - 2 scrolls of enchant weapon
 m - 2 scrolls of teleportation
 r - 3 scrolls of blinking
 E - a scroll of amnesia
 G - a scroll of enchant armour
 I - a scroll of fog
Potions
 f - a potion of flight
 h - 3 potions of invisibility
 l - a potion of might
 p - a potion of berserk rage
 q - 6 potions of curing
 z - 2 potions of magic
 C - a potion of brilliance


   Skills:
 + Level 6.4 Fighting
 - Level 1.7 Throwing
 - Level 6.0 Armour
 + Level 3.4 Dodging
 * Level 10.1 Unarmed Combat
 + Level 1.3 Spellcasting
 + Level 1.5 Conjurations
 + Level 4.0 Evocations


You had 10 spell levels left.
You knew the following spells:

 Your Spells              Type           Power      Damage    Failure   Level
a - Magic Dart            Conj           24%        1d4       71%         1

Your spell library contained the following spells:

 Spells                   Type           Power      Damage    Failure   Level
 Searing Ray              Conj           12%        2d4       83%         2
 Wereblood                Tmut           1%         N/A       96%         2
 Ignite Poison            Fire/Tmut/Pois 1%         N/A       99%         3
 Fulminant Prism          Conj/Hex       2%         3d6       100%        4
 Dispersal                Tloc           0%         N/A       100%        6
 Eringya's Noxious Bog    Tmut/Pois      0%         N/A       100%        6


Dungeon Overview and Level Annotations

Branches:
Dungeon (8/15)             Temple (0/1) D:6         Ossuary (visited)
   Lair: D:8-11

Shops:
D:6 [

Annotations:
D:5 1 runed translucent door, issech's ghost, novice TrFi


Innate Abilities, Weirdness & Mutations

You have an increased reservoir of magic. (+10% MP)
You shall have no god before yourself.
Your divine heritage dramatically boosts your attributes as you level up.


Message History

The manticore claws you but does no damage. x2
You completely miss the manticore. The manticore bites you!
* * * LOW HITPOINT WARNING * * *
The manticore claws you but does no damage.
The manticore claws you.
* * * LOW HITPOINT WARNING * * *
You punch the manticore!
The manticore is lightly wounded.
You punch the manticore!
The manticore is heavily wounded.
The manticore closely misses you.
The manticore claws you but does no damage. x2
You hit the manticore but do no damage.
The manticore is heavily wounded.
The manticore misses you.
The manticore claws you but does no damage.
The manticore claws you!
* * * LOW HITPOINT WARNING * * *
You punch the manticore!
The manticore is severely wounded.
The manticore bites you.
* * * LOW HITPOINT WARNING * * *
The manticore claws you!
* * * LOW HITPOINT WARNING * * *
The manticore claws you.
* * * LOW HITPOINT WARNING * * *
You barely miss the manticore.
The manticore is severely wounded.
The manticore misses you. The manticore claws you!
* * * LOW HITPOINT WARNING * * *
The manticore claws you.
* * * LOW HITPOINT WARNING * * *
Unknown command.
You hit the manticore.
The manticore is severely wounded.
Unknown command.
You punch the manticore!
The manticore is almost dead.
The manticore bites you!
You die...

##########
#####...)....########
#....)######....@H..#
..##)### #######....#
.###.).### ##..# ##
###...## # # ♣♣♣..# ♣
♣..♣ ♣ ♣.♣♣ ♣ ♣♣.♣♣
♣♣ ♣.P♣♣


You could see a manticore.

Vanquished Creatures
  Pikel (D:7)
  2 kobold demonologists
  Prince Ribbit (D:5)
  A wyvern (D:3)
  2 hogs (D:8)
  A yak (D:8)
  A water moccasin (D:7)
  Menkaure (D:4)
  A sky beast (D:6)
  An ice beast (D:5)
  An ogre (D:6)
  4 centaurs
  A lemure (D:7)
  5 bullfrogs
  Blork the orc (D:6)
  4 kobold brigands
  A gnoll sergeant (D:4)
  A water moccasin zombie (D:5)
  3 scorpions (D:5)
  9 wights
  4 electric eels (D:8)
  4 centaur zombies (D:7)
  2 jellies
  3 orc priests
  2 centaur skeletons (D:7)
  2 human zombies (Ossuary)
  Crazy Yiuf (D:7)
  2 bullfrog skeletons (D:7)
  5 hounds
  3 iguanas
  5 orc wizards
  A killer bee zombie (D:8)
  4 mummies (Ossuary)
  A howler monkey zombie (D:6)
  9 gnolls
  9 adders
  A shadow imp (D:6)
  A white imp (D:6)
  2 worms
  2 dart slugs (D:3)
  11 orcs
  8 endoplasms
  6 giant cockroaches
  7 goblins
  7 hobgoblins
  3 jackals (D:1)
  12 kobolds
  2 quokkas
  9 ball pythons
  4 bats (D:1)
  A frilled lizard (D:3)
  A gnoll zombie (Ossuary)
  A goblin zombie (Ossuary)
  A hobgoblin zombie (Ossuary)
  A kobold zombie (Ossuary)
  2 orc zombies (Ossuary)
  3 rats
184 creatures vanquished.

Vanquished Creatures (others)
  13 plants (D:8)
13 creatures vanquished.

Grand Total: 197 creatures vanquished

Notes
Turn   | Place    | Note
-------+----------+-------------------------------------------
     0 | D:1      | pkoi the Demigod Gladiator began the quest for the Orb.
     0 | D:1      | Reached XP level 1. HP: 17/17 MP: 3/3
   234 | D:1      | Reached skill level 3 in Unarmed Combat
   288 | D:1      | Reached XP level 2. HP: 17/24 MP: 4/4
  1523 | D:2      | Reached skill level 4 in Unarmed Combat
  1523 | D:2      | Reached XP level 3. HP: 16/29 MP: 5/5
  2515 | D:3      | Reached XP level 4. HP: 35/36 MP: 6/6
  2592 | D:3      | Reached skill level 1 in Armour
  2863 | D:4      | Found a sand-covered staircase.
  2868 | Ossuary  | Entered an ossuary
  3583 | Ossuary  | Reached XP level 5. HP: 25/42 MP: 7/7
  4407 | D:4      | Noticed Sigmund
  4444 | D:3      | Reached skill level 5 in Unarmed Combat
  4915 | D:4      | Noticed Sigmund
  4915 | D:4      | Sigmund changed into Sigmund the wyvern
  4929 | D:3      | Killed Sigmund the wyvern
  4930 | D:3      | Reached XP level 6. HP: 34/51 MP: 8/8
  5165 | D:4      | Noticed Menkaure
  5173 | D:4      | Killed Menkaure
  5180 | D:4      | Got Jaol's Compendium of Displaced Transmutation
  5631 | D:5      | Entered Level 5 of the Dungeon
  6094 | D:4      | Reached skill level 6 in Unarmed Combat
  6555 | D:5      | Reached XP level 7. HP: 51/57 MP: 9/9
  7187 | D:5      | Found a runed translucent door.
  7266 | D:5      | Noticed issech's ghost (novice TrFi)
  7793 | D:5      | Noticed Prince Ribbit
  7820 | D:5      | Reached skill level 7 in Unarmed Combat
  7830 | D:5      | Killed Prince Ribbit
  7831 | D:5      | Reached XP level 8. HP: 18/67 MP: 10/10
  9124 | D:5      | Reached skill level 5 in Fighting
  9444 | D:6      | Reached skill level 8 in Unarmed Combat
 10223 | D:6      | Noticed Blork the orc
 10457 | D:6      | Killed Blork the orc
 10818 | D:6      | Found a staircase to the Ecumenical Temple.
 10838 | D:6      | Reached skill level 1 in Evocations
 10933 | D:6      | Noticed Edmund
 10943 | D:6      | Noticed Edmund
 10943 | D:6      | Edmund changed into Edmund the sky beast
 10953 | D:6      | Killed Edmund the sky beast
 10954 | D:6      | Reached skill level 5 in Armour
 11246 | D:6      | Noticed a kobold demonologist
 11246 | D:6      | Noticed a kobold demonologist
 11248 | D:6      | Noticed a rust devil
 11299 | D:5      | Killed a kobold demonologist
 11300 | D:5      | Reached XP level 9. HP: 63/74 MP: 11/11
 11543 | D:6      | Killed a kobold demonologist
 11544 | D:6      | Reached skill level 9 in Unarmed Combat
 11629 | D:6      | Found Hocatu's Armour Shop.
 11777 | D:6      | Identified a scroll of acquirement
 11985 | D:7      | Noticed Pikel
 12031 | D:7      | Killed Pikel
 12351 | D:7      | Found a runed translucent door.
 12352 | D:7      | Noticed Crazy Yiuf
 13276 | D:7      | Killed Crazy Yiuf
 13496 | D:7      | HP: 2/78 [centaur/+0 flail (4)]
 14188 | D:8      | Learned a level 1 spell: Magic Dart
 15090 | D:8      | Reached skill level 10 in Unarmed Combat
 15090 | D:8      | Reached XP level 10. HP: 77/84 MP: 12/14
 15101 | D:8      | Reached skill level 1 in Conjurations
 15196 | D:8      | Reached skill level 1 in Spellcasting
 15528 | D:8      | Noticed a manticore
 15540 | D:8      | Slain by a manticore

Illustrated notes

Levels and vault maps discovered:
D:1:      tarquinn_simple_flora_water_f, layout_basic,
          shapermc_ecumenical_altar_notcrosses, chequers_serial_rivers_micro_d
D:2:      layout_basic, minmay_hedge_maze, st_stairs_1
D:3:      layout_rooms
D:4:      layout_cave_pools, enter_ossuary_1, uniq_menkaure, uniq_sigmund
D:5:      layout_basic, ebering_ghost_reflecting_pool, uniq_prince_ribbit1
D:6:      layout_basic, nicolae_overflow_crystal_walls, lemuel_round_altar,
          minmay_temple_entry_sparse_star, serial_shops,
          nicolae_shop_advertising_works [nicolae_subvault_shop_adworks],
          grunt_ministairs_10, uniq_edmund, uniq_blork_the_orc
D:7:      layout_layer_cave, uniq_pikel, uniq_crazy_yiuf_cottage
D:8:      kennysheep_town

Skill      XL: |  1  2  3  4  5  6  7  8  9 10 |
---------------+-------------------------------+-----
Unarmed Combat | 3 4 5 6 7 8 10 | 10.1
Fighting       | 2 3 4 5 6 |  6.4
Armour         | 1 2 4 5 6 |  6.0
Evocations     | 1 3 4 |  4.0
Dodging        | 3 |  3.4
Conjurations   | 1 |  1.5
Spellcasting   | 1 |  1.3
Throwing       | |  1.7

Action                   |  1- 3 |  4- 6 |  7- 9 | 10-12 || total
-------------------------+-------+-------+-------+-------++-------
Melee: Unarmed           |   188 |   216 |   528 |    63 ||   995
       Punch             |     8 |     7 |    30 |     6 ||    51
Evoke: Wand              |       |     3 |     5 |       ||     8
  Use: Scroll            |     5 |     7 |     8 |       ||    20
       Potion            |       |     3 |     3 |       ||     6
 Stab: Sleeping          |     3 |       |       |       ||     3
Armor: Leather armour    |    50 |     2 |       |       ||    52
       Chain mail        |       |    47 |   212 |    23 ||   282
       Skin              |       |       |     2 |       ||     2
Dodge: Dodged            |   131 |   119 |   245 |    23 ||   518
